 Dungeon Crawl Stone Soup version 0.30-a0-123-g91d0c66 (webtiles) character file.

Game seed: 17986915472576446072

12734 Nithhogg the Cleaver (level 11, 0/100 HPs)
             Began as a Hill Orc Fighter on Sept 17, 2022.
             Was a High Priest of the Shining One.
             Slain by a two-headed ogre simulacrum (17 damage)
             ... in an ice cave.
             The game lasted 00:21:32 (12209 turns).

Nithhogg the Cleaver (Hill Orc Fighter)            Turns: 12209, Time: 00:21:33

Health: 0/100      AC: 14    Str: 24    XL:     11   Next: 98%
Magic:  16/16      EV: 13    Int: 11    God:    the Shining One [*****.]
Gold:   837        SH:  0    Dex: 10    Spells: 10/10 levels left

rFire   + + .      SeeInvis .    B - +4 war axe (flame)
rCold   . . .      Faith    .    (no shield)
rNeg    + + .      Spirit   .    A - +3 ring mail {rF+}
rPois   .          Reflect  .    J - +1 helmet {Int+3}
rElec   .          Harm     .    (no cloak)
rCorr   .          Rampage  .    (no gloves)
Will    .....                    o - +1 pair of boots
Stlth   ..........               (no amulet)
HPRegen 0.26/turn                k - ring of protection from fire
MPRegen 0.15/turn                (no ring)

@: hasted, glowing, studying Spellcasting, very quick
A: no striking features
a: Renounce Religion, Divine Shield, Cleansing Flame, Summon Divine Warrior


You were in an ice cave.
You worshipped the Shining One.
The Shining One was extremely pleased with you.
You visited 2 branches of the dungeon, and saw 10 of its levels.
You also visited: Ossuary and Ice Cave.

You collected 837 gold pieces.

Inventory:

Hand Weapons
 a - a +0 war axe
 d - a +3 battleaxe
 B - a +4 war axe of flaming (weapon)
Armour
 b - a +0 scale mail
 c - a +0 buckler
 o - a +1 pair of boots (worn)
 A - a +3 ring mail of fire resistance (worn)
 J - a +1 helmet of intelligence (worn)
Jewellery
 k - a ring of protection from fire (left hand)
 D - a ring of magical power
 L - a ring of positive energy
Wands
 p - a wand of roots (7)
 s - a wand of polymorph (4)
 y - a wand of flame (8)
 F - a wand of quicksilver (8)
 G - a wand of charming (6)
Scrolls
 f - 5 scrolls of identify
 i - a scroll of poison
 j - 5 scrolls of magic mapping
 q - 5 scrolls of teleportation
 r - a scroll of vulnerability
 v - 3 scrolls of amnesia
 x - 2 scrolls of fear
 z - a scroll of enchant armour
 E - 4 scrolls of immolation
 I - a scroll of enchant weapon {unknown}
 K - a scroll of butterflies {unknown}
Potions
 e - a potion of curing
 g - a potion of haste
 h - a potion of lignification
 l - 7 potions of degeneration
 m - 3 potions of mutation
 n - 4 potions of flight {unknown}
 t - a potion of brilliance {unknown}
 u - 3 potions of attraction {unknown}
 w - a potion of might
 C - 2 potions of resistance {unknown}


   Skills:
 + Level 10.2 Fighting
 * Level 14.8 Axes
 + Level 9.4 Armour
 + Level 6.6 Dodging
 - Level 3.2 Shields
 + Level 7.7 Invocations


You had 10 spell levels left.
You didn't know any spells.
Your spell library contained the following spells:

 Spells                   Type           Power      Damage    Failure   Level
 Foxfire                  Conj/Fire      0%         2x1d4     45%         1
 Sting                    Tmut/Pois      0%         1d3       45%         1
 Poisonous Vapours        Pois/Air       0%         N/A       58%         2
 Static Discharge         Conj/Air       0%         2-2/arc   58%         2
 Dazzling Flash           Conj/Hex       0%         N/A       83%         3
 Inner Flame              Hex/Fire       0%         N/A       83%         3
 Kindle Blastsparks       Fire/Tloc/Air  0%         2d10      83%         3
 Portal Projectile        Hex/Tloc       0%         N/A       83%         3
 Tukima's Dance           Hex            0%         N/A       83%         3
 Dispel Undead            Necr           0%         3d6       99%         4
 Flame Wave               Conj/Fire      0%         2d4       99%         4
 Olgreb's Toxic Radiance  Pois           0%         N/A       99%         4
 Sticky Flame             Conj/Fire      0%         2d3       99%         4
 Agony                    Necr           0%         N/A       100%        5
 Arcjolt                  Conj/Air       0%         1d10      100%        5
 Blade Hands              Tmut           0%         N/A       100%        5
 Lightning Bolt           Conj/Air       0%         1d11      100%        5
 Silence                  Hex/Air        0%         N/A       100%        5
 Maxwell's Capacitive Co  Air            0%         ∞         100%        8


Dungeon Overview and Level Annotations

Branches:
Dungeon (9/15)             Temple (0/1) D:7            Lair (1/5) D:9
    Orc (0/2) D:9         Ossuary (visited)           IceCv (1/1)

Altars:
Ashenzari
Dithmenos
Vehumet
Yredelemnul
The Shining One

Shops:
D:4 *


Message History

The rime drake barely misses you.
You see here a rime drake corpse.
The rime drake attacks as you move away!
The rime drake bites you but does no damage.
The rime drake breathes ice at you. The flash freeze misses you.
The yak barely misses you. The yak barely misses you.
The yak attacks as you move away!
The yak gores you but does no damage. x2
There is a frozen archway here.
(D) Dungeon (T) Temple (L) Lair (O) Orcish Mines
Where to? (Enter - Lair:1, ? - help)
There are monsters nearby!
The yak gores you!
* * * LOW HITPOINT WARNING * * *
The yak gores you but does no damage.
The world spins around you as you enter the gateway.
You enter an ice cave!
Found an ice covered gate leading back out of this place.
There is an ice choked empty arch of ancient stone here.
There are monsters nearby!
You feel better.
You feel better.
You feel yourself speed up.
The two-headed ogre simulacrum hits you.
The two-headed ogre simulacrum freezes you!!
* * * LOW HITPOINT WARNING * * *
The two-headed ogre simulacrum barely misses you.
You feel much better.
You don't know any spells.
Aiming: Throw Flame
Press: ? - help, Shift-Dir - straight line, f - two-headed ogre simulacrum
Aim: a two-headed ogre simulacrum (haloed, 100% to hit)
The puff of flame hits the two-headed ogre simulacrum!
The two-headed ogre simulacrum melts!
The two-headed ogre simulacrum is moderately damaged.
The two-headed ogre simulacrum hits you!
* * * LOW HITPOINT WARNING * * *
The two-headed ogre simulacrum freezes you!
You die...

#...
...##
#...
##...
#...#
##...##
##.....##
#...∩Z..#
#...∩@Z.#
##.....##
##...##
#####


You could see 2 two-headed ogre simulacra.

Vanquished Creatures
  Erolcha (D:9)
  A boulder beetle (D:8)
  A centaur warrior (D:9)
  Erica (D:9)
  2 two-headed ogres
  A tengu warrior (D:8)
  A deep elf pyromancer (D:8)
  Maurice (D:8)
  Joseph (D:7)
  A cane toad (Lair:1)
  2 rime drakes (Lair:1)
  An unseen horror (D:7)
  A hornet (D:9)
  Sigmund (D:2)
  A vampire (D:9)
  2 wraiths (D:9)
  5 yaks
  A steam dragon (D:9)
  2 wyverns (D:9)
  2 water moccasins
  An ice beast (D:6)
  4 orc warriors
  6 black bears
  3 sky beasts
  3 centaurs
  2 elf zombies (Ossuary)
  3 kobold brigands
  3 bullfrogs
  5 scorpions
  10 wights
  2 howler monkeys (D:9)
  2 centaur zombies (Ossuary)
  8 hounds
  6 orc priests
  2 gnoll boudas
  Ijyb (D:4)
  Terence (D:2)
  4 iguanas
  10 orc wizards
  3 mummies
  Robin (D:3)
  10 gnolls
  5 adders
  2 shadow imps
  2 white imps
  2 ufetubi
  An adder zombie (Ossuary)
  A worm (D:5)
  3 dart slugs
  36 orcs
  9 ball pythons
  4 bats
  10 endoplasms
  2 giant cockroaches
  27 goblins
  7 hobgoblins
  6 jackals
  18 kobolds
  3 quokkas
  7 frilled lizards
  2 goblin zombies (Ossuary)
  8 hobgoblin zombies (Ossuary)
  A jackal zombie (Ossuary)
  7 kobold zombies (Ossuary)
  13 orc zombies
  8 rats
  2 rat zombies (Ossuary)
305 creatures vanquished.

Vanquished Creatures (collateral kills)
  A goblin (D:4)
  A jackal (D:4)
2 creatures vanquished.

Vanquished Creatures (others)
  A kobold brigand (D:9)
  A plant (Lair:1)
2 creatures vanquished.

Grand Total: 309 creatures vanquished

Notes
Turn   | Place    | Note
-------+----------+-------------------------------------------
     0 | D:1      | Nithhogg the Hill Orc Fighter began the quest for the Orb.
     0 | D:1      | Reached XP level 1. HP: 19/19 MP: 1/1
   318 | D:1      | Reached skill level 3 in Axes
   324 | D:1      | Reached XP level 2. HP: 24/27 MP: 2/2
   527 | D:1      | Reached XP level 3. HP: 29/33 MP: 3/3
   959 | D:2      | Reached skill level 1 in Dodging
  1070 | D:2      | Noticed Terence
  1084 | D:2      | Killed Terence
  1085 | D:2      | Reached skill level 4 in Axes
  1085 | D:2      | Reached XP level 4. HP: 13/40 MP: 4/4
  1423 | D:2      | Found a basalt altar of Yredelemnul.
  1497 | D:2      | Found a faded altar of an unknown god.
  1594 | D:2      | Noticed Sigmund
  1604 | D:2      | Killed Sigmund
  1605 | D:2      | Reached skill level 5 in Axes
  1605 | D:2      | Reached XP level 5. HP: 42/47 MP: 5/5
  1605 | D:2      | Reached XP level 6. HP: 47/53 MP: 6/6
  2021 | D:3      | Noticed Robin
  2034 | D:3      | Killed Robin
  2952 | D:4      | Reached skill level 6 in Axes
  3114 | D:4      | Reached skill level 5 in Fighting
  3148 | D:4      | Noticed Ijyb
  3154 | D:4      | Killed Ijyb
  3455 | D:4      | Reached XP level 7. HP: 33/61 MP: 7/7
  3643 | D:4      | Found Teomav's Gadget Gallery.
  3924 | D:5      | Entered Level 5 of the Dungeon
  4063 | D:5      | Reached skill level 7 in Axes
  4063 | D:5      | Reached skill level 5 in Armour
  4530 | D:5      | Reached XP level 8. HP: 56/70 MP: 8/8
  4715 | D:5      | Reached skill level 8 in Axes
  5553 | D:6      | Reached skill level 9 in Axes
  5658 | D:6      | Found a radiant altar of Vehumet.
  5658 | D:6      | Found a glowing golden altar of the Shining One.
  5659 | D:6      | Found a broken altar of Ashenzari.
  5839 | D:6      | Reached XP level 9. HP: 43/78 MP: 9/9
  6255 | D:6      | Reached skill level 10 in Axes
  6745 | D:6      | Found a shadowy altar of Dithmenos.
  6836 | D:6      | Became a worshipper of the Shining One
  6899 | D:7      | Found a sand-covered staircase.
  6899 | D:7      | Noticed Joseph
  6909 | Ossuary  | Entered an ossuary
  7165 | Ossuary  | Reached * piety under the Shining One
  7208 | Ossuary  | Reached ** piety under the Shining One
  7295 | Ossuary  | Reached *** piety under the Shining One
  7347 | Ossuary  | Reached skill level 1 in Invocations
  7860 | D:7      | Noticed an unseen horror
  7863 | D:7      | Killed Joseph
  8135 | D:7      | Reached skill level 11 in Axes
  8187 | D:7      | Killed an unseen horror
  8252 | D:7      | Found a staircase to the Ecumenical Temple.
  8298 | D:7      | Reached XP level 10. HP: 50/88 MP: 12/12
  8299 | D:7      | Reached **** piety under the Shining One
  8549 | D:7      | Reached skill level 5 in Dodging
  8899 | D:8      | Reached skill level 12 in Axes
  9105 | D:8      | Noticed Maurice
  9139 | D:8      | Killed Maurice
  9321 | D:8      | Noticed a boulder beetle
  9321 | D:8      | Noticed a tengu warrior
  9321 | D:8      | Noticed a deep elf pyromancer
  9327 | D:8      | Killed a tengu warrior
  9328 | D:8      | Reached skill level 5 in Invocations
  9331 | D:8      | Killed a boulder beetle
  9348 | D:8      | Reached skill level 13 in Axes
  9352 | D:8      | Killed a deep elf pyromancer
  9353 | D:8      | Reached XP level 11. HP: 37/97 MP: 15/15
  9582 | D:8      | Found the +8 demon trident "Rift" {distort, reach+}
  9637 | D:8      | Noticed a two-headed ogre
  9645 | D:8      | Killed a two-headed ogre
 10137 | D:9      | Noticed Erica
 10155 | D:9      | Killed Erica
 10225 | D:9      | Paralysed by a hornet for 3 turns
 10533 | D:9      | Found a staircase to the Lair.
 10898 | D:9      | Found a staircase to the Orcish Mines.
 10990 | D:9      | Reached ***** piety under the Shining One
 10991 | D:9      | Reached skill level 14 in Axes
 11058 | D:9      | Noticed a centaur warrior
 11058 | D:9      | Noticed a catoblepas
 11059 | D:9      | Noticed a two-headed ogre
 11059 | D:9      | Noticed a catoblepas
 11059 | D:9      | Noticed Erolcha
 11074 | D:9      | Noticed a two-headed ogre
 11093 | D:9      | Killed a centaur warrior
 11095 | D:9      | Killed a two-headed ogre
 11098 | D:9      | Killed Erolcha
 11099 | D:9      | Reached skill level 10 in Fighting
 11920 | Lair:1   | Entered Level 1 of the Lair of Beasts
 12189 | Lair:1   | Found a frozen archway.
 12199 | IceCv    | Entered an ice cave
 12206 | IceCv    | HP: 5/100 [two-headed ogre simulacrum (29)]
 12209 | IceCv    | Slain by a two-headed ogre simulacrum

Illustrated notes

Levels and vault maps discovered:
D:1:      lemuel_arrival_broad_hall, layout_basic, st_stairs_12
D:2:      layout_basic, basic_altar,
          dreamdust_ecumenical_altar_angels_and_demons, uniq_terence,
          uniq_sigmund
D:3:      layout_basic, kennysheep_generic_room_10, uniq_robin
D:4:      kennysheep_goblin_castle, layout_loops_ring, serial_glass,
          glass_columns_c, glass_columns_a, glass_columns_a, glass_columns_a,
          glass_columns_b, glass_columns_b, glass_columns_b, glass_columns_b,
          glass_columns_a, glass_columns_a, glass_columns_b, glass_columns_a,
          glass_columns_b, glass_columns_b, nicolae_shop_gadgets
D:5:      minmay_opposing_rooms, layout_basic, chequers_serial_rivers_small_b,
          uniq_ijyb
D:6:      layout_basic, nicolae_overflow_quartered_altars, minmay_statues_item
D:7:      layout_rooms, minmay_temple_entry_mist, nicolae_ossuary_entry_giza,
          uniq_joseph
D:8:      minmay_bloctagon_deflated, layout_basic, uniq_maurice
D:9:      minmay_bloctagon, layout_grid_maze, lair_entry_dummy,
          hiddenorc1_lemuel, uniq_erica, uniq_erolcha
Lair:1:   layout_cave_pods, portal_ice_cave_rime, uniq_harold
IceCv:    ice_cave_tombish

Skill      XL: |  1  2  3  4  5  6  7  8  9 10 11 |
---------------+----------------------------------+-----
Axes           | 3 4 5 6 7 9 11 13 14 | 14.8
Fighting       | 4 5 6 8 9 10 | 10.2
Dodging        | 1 2 3 4 5 6 |  6.6
Armour         | 4 5 6 7 8 9 |  9.4
Invocations    | 3 5 7 |  7.7
Shields        | |  3.2

Action                   |  1- 3 |  4- 6 |  7- 9 | 10-12 || total
-------------------------+-------+-------+-------+-------++-------
Melee: War axe           |   106 |   133 |   371 |   189 ||   799
       Punch             |       |     1 |     4 |     1 ||     6
       Battleaxe         |       |       |       |    18 ||    18
Throw: Throwing net      |       |       |     1 |       ||     1
Evoke: Wand              |       |       |       |     2 ||     2
  Use: Scroll            |     5 |     3 |     5 |    14 ||    27
       Potion            |       |     1 |     6 |     6 ||    13
 Stab: Distracted        |       |     1 |       |       ||     1
Armor: Scale mail        |    35 |    68 |   215 |       ||   318
       Ring mail         |       |       |     8 |    94 ||   102
       Skin              |       |       |       |     1 ||     1
Dodge: Dodged            |    65 |    80 |   248 |   116 ||   509
Block: Buckler           |    18 |       |       |       ||    18

Table legend: (Time is in decaauts)
 A = Elapsed time spent in this place.
 B = Non-inter-level travel time spent in this place.
 C = Inter-level travel time spent in this place.
 D = Time resting spent in this place.
 E = Time spent auto-exploring this place.
 F = Levels seen in this place.
 G = Mean time per level.
                   A        B        C        D        E       F      G
               +--------+--------+--------+--------+--------+-----+--------+
         Total |  12262 |  11958 |    304 |   1600 |   8483 |  12 | 1021.8 |
       Dungeon |  11413 |  11109 |    304 |   1517 |   7921 |   9 | 1268.1 |
          Lair |    275 |    275 |      0 |     83 |    145 |   1 |  275.0 |
       Ossuary |    565 |    565 |      0 |      0 |    417 |   1 |  565.0 |
      Ice Cave |      8 |      8 |      0 |      0 |      0 |   1 |    8.0 |
               +--------+--------+--------+--------+--------+-----+--------+

Top non-repeatable levels by time:
     D:6: 1949 daAuts
     D:9: 1772 daAuts
     D:5: 1540 daAuts
     D:8: 1297 daAuts
     D:4: 1145 daAuts
     D:2: 1127 daAuts
     D:1: 930 daAuts
     D:7: 862 daAuts
     D:3: 788 daAuts
 Ossuary: 565 daAuts
  Lair:1: 275 daAuts
   IceCv: 8 daAuts
